 Dungeon Crawl Stone Soup version 0.22-a0-160-gcc81d7a (webtiles) character file.

9826 theanonym the Basher (level 11, -9/90 HPs)
             Began as a Mummy Abyssal Knight on Feb 10, 2018.
             Was an Elder of Lugonu.
             Hit by a tomahawk thrown by an orc warrior (13 damage)
             ... on level 11 of the Dungeon.
             The game lasted 00:36:40 (17592 turns).

theanonym the Basher (Mummy Abyssal Knight)        Turns: 17592, Time: 00:36:40

Health: -9/90      AC: 15    Str: 20    XL:     11   Next: 28%
Magic:  15/15      EV:  3    Int: 11    God:    Lugonu [****..]
Gold:   297        SH:  7    Dex: 11    Spells: 10/10 levels left

rFire    x . .     SeeInvis .   a - +2 flail (curse)
rCold    + . .     Gourm    .   m - +0 shield
rNeg     + + +     Faith    +   j - +0 plate armour
rPois    ∞         Spirit   .   p - +0 helmet
rElec    .         Reflect  .   (no cloak)
rCorr    .         Harm     .   h - +0 pair of gloves
MR       +....                  o - +2 pair of boots
Stlth    ..........             w - amulet of faith
HPRegen  0.25/turn              (no ring)
MPRegen  0.14/turn              (no ring)

@: about to teleport, barbed spikes
A: no food or potions, fire vulnerability, cold resistance 1, negative energy
resistance 3, torment resistance, unbreathing
a: Depart the Abyss, Bend Space, Banish, Corrupt, Renounce Religion


Innate Abilities, Weirdness & Mutations

You do not eat or drink.
Your flesh is vulnerable to fire.
You are immune to poison.
Your flesh is cold resistant. (rC+)
You are immune to negative energy. (rN+++)
You are immune to unholy pain and torment.
You can survive without breathing.


   Skills:
 - Level 10.0 Fighting
 * Level 11.5 Maces & Flails
 - Level 1.5 Armour
 - Level 0.7 Dodging
 - Level 6.0 Invocations


You had 10 spell levels left.
You didn't know any spells.

Skill      XL: |  1  2  3  4  5  6  7  8  9 10 11 |
---------------+----------------------------------+-----
Maces & Flails | 2 3 4 5 7 9 10 11 | 11.5
Invocations    | 2 3 4 5 6 |  6.0
Fighting       | 4 5 6 8 9 10 | 10.0
Armour         | |  1.5
Dodging        | |  0.7

Action                   |  1- 3 |  4- 6 |  7- 9 | 10-12 || total
-------------------------+-------+-------+-------+-------++-------
Melee: Mace              |   112 |       |       |   178 ||   290
       Flail             |    12 |   473 |   632 |   225 ||  1342
Throw: Throwing net      |       |       |       |     2 ||     2
Invok: Bend Space        |     2 |     1 |     1 |     5 ||     9
       Banish            |       |       |     2 |     6 ||     8
Evoke: Wand              |       |       |    42 |    17 ||    59
  Use: Scroll            |     6 |     1 |     4 |    11 ||    22
 Stab: Held in net/web   |       |       |       |     1 ||     1
Armor: Ring mail         |    40 |    43 |       |       ||    83
       Chain mail        |       |   357 |   440 |    70 ||   867
       Plate armour      |       |       |       |   182 ||   182
Dodge: Dodged            |    67 |   254 |   142 |    56 ||   519
Block: Buckler           |     1 |    70 |     7 |       ||    78
       Shield            |       |       |   218 |   178 ||   396

Inventory:

Hand Weapons
 a - a cursed +2 flail (weapon)
   (You took it off a wight on level 10 of the Dungeon)
 b - a +0 flail
   (You took it off a gnoll on level 1 of the Dungeon)
 s - a +1 mace
 u - the +5 mace "Woagizosm" {pain, -Tele Str+4 Int+4 Stlth+}
   (You bought it in a shop on level 8 of the Dungeon)

   In the hands of one skilled in necromantic magic, it inflicts extra damage on
   living creatures.
   It affects your strength (+4).
   It affects your intelligence (+4).
   It prevents most forms of teleportation.
   It makes you more stealthy.
Armour
 g - a +0 buckler
   (You found it on level 2 of the Dungeon)
 h - a +0 pair of gloves (worn)
   (You found it on level 1 of the Dungeon)
 j - a +0 plate armour (worn)
   (You took it off an orc warrior on level 9 of the Dungeon)
 k - a +0 chain mail
   (You took it off an orc on level 3 of the Dungeon)
 m - a +0 shield (worn)
   (You took it off a hobgoblin on level 3 of the Dungeon)
 o - a +2 pair of boots (worn)
   (You found it on level 4 of the Dungeon)
 p - a +0 helmet (worn)
   (You found it on level 7 of the Dungeon)
 q - a +0 ring mail
   (You found it on level 1 of the Dungeon)
 v - a +0 leather armour
Jewellery
 w - an amulet of faith (around neck)
   (You found it on level 10 of the Dungeon)
Scrolls
 c - 5 scrolls of amnesia
 d - 3 scrolls of enchant armour
 e - a scroll of enchant weapon
 i - 4 scrolls of immolation
 l - a scroll of vulnerability {unknown}
 n - 7 scrolls of remove curse
 t - 3 scrolls of teleportation {!r}
 y - 5 scrolls of magic mapping


You were on level 11 of the Dungeon.
You worshipped Lugonu.
Lugonu was greatly pleased with you.
You were not hungry.

You visited 1 branch of the dungeon, and saw 11 of its levels.
You visited the Abyss 1 time.
You also visited: Sewer.

You collected 481 gold pieces.
You spent 184 gold pieces at shops.

Dungeon Overview and Level Annotations

Branches:
Dungeon (11/15)            Temple (0/1) D:6            Lair (0/6) D:9
    Orc (0/2) D:11

Altars:
Elyvilon
Gozag
Hepliaklqana
Nemelex Xobeh
Trog
Vehumet
Wu Jian
Xom
Zin
The Shining One

Shops:
D:6 [   D:8 *[=?(   D:9 }

Annotations:
D:3 c
D:10 dig

##### ..# ##.... ############
..# ..... .#.#..#....# ..#
#.... ...........##### ..# #
#.... ..........##...##..#
#..##.... ##..###...##.......#
..#........
#..###...##...h...+....#$......
#. ##....#Ho.....#..##....
...+.....#)...u..#..##....
....................
##%..##.......+...


You could see a red ugly thing, a manticore, an orc warrior and 3 jackals.

Notes
Turn   | Place    | Note
-------+----------+-------------------------------------------
     0 | Abyss:1  | theanonym the Mummy Abyssal Knight began the quest for the Orb.
     0 | Abyss:1  | Reached XP level 1. HP: 18/18 MP: 2/2
     3 | Abyss:1  | Found a corrupted altar of Lugonu.
     8 | D:1      | Escaped the Abyss
   231 | D:1      | Reached skill level 2 in Maces & Flails
   265 | D:1      | Reached XP level 2. HP: 24/24 MP: 3/3
   869 | D:2      | Reached ** piety under Lugonu
   873 | D:2      | HP: 7/24 [worm (7)]
  1294 | D:2      | Reached XP level 3. HP: 28/29 MP: 4/4
  1432 | D:1      | HP: 12/29 [gnoll/flail (5)]
  1433 | D:1      | HP: 3/29 [gnoll/flail (9)]
  1788 | D:1      | HP: 9/29 [gnoll/flail (6)]
  2178 | D:2      | Reached skill level 3 in Maces & Flails
  2178 | D:2      | Reached skill level 2 in Invocations
  2178 | D:2      | Reached XP level 4. HP: 36/36 MP: 5/5
  2182 | D:2      | HP: 16/37 [gnoll/spear (7)]
  2616 | D:2      | HP: 17/37 [adder (3)]
  2625 | D:2      | HP: 11/37 [adder (1)]
  3563 | D:3      | Reached XP level 5. HP: 41/42 MP: 6/6
  3679 | D:3      | Noticed an ogre
  3721 | D:2      | HP: 19/42 [adder (3)]
  3726 | D:2      | HP: 16/42 [adder (4)]
  3731 | D:2      | HP: 11/42 [adder (4)]
  3735 | D:2      | Reached skill level 4 in Fighting
  4004 | D:3      | Noticed Borgoz's ghost (weakling MiAK)
  4075 | D:3      | HP: 17/42 [Borgoz's ghost (5)]
  4278 | D:3      | Killed Borgoz's ghost
  4278 | D:3      | Reached skill level 4 in Maces & Flails
  4384 | D:3      | Reached XP level 6. HP: 48/48 MP: 8/8
  4719 | D:3      | Reached *** piety under Lugonu
  4780 | D:3      | HP: 10/48 [ogre/giant club (20)]
  5172 | D:4      | HP: 24/49 [worm (5)]
  5178 | D:4      | HP: 21/49 [worm (4)]
  5184 | D:4      | HP: 20/49 [adder (1)]
  5366 | D:4      | Found a glowing drain.
  5375 | Sewer    | Entered a sewer
  5528 | Sewer    | Reached skill level 3 in Invocations
  5951 | Sewer    | Reached **** piety under Lugonu
  6169 | Sewer    | Reached XP level 7. HP: 45/55 MP: 9/9
  6180 | Sewer    | Reached skill level 5 in Maces & Flails
  6526 | D:3      | HP: 22/55 [ogre/giant club (26)]
  6530 | D:3      | Reached skill level 5 in Fighting
  7285 | D:5      | Entered Level 5 of the Dungeon
  7351 | D:5      | HP: 26/56 [orc/trident (4)]
  7548 | D:5      | Found a shimmering altar of Xom.
  7763 | D:5      | HP: 23/56 [orc priest/divine providence (15)]
  7768 | D:5      | HP: 10/56 [orc priest/quarterstaff (2)]
  8032 | D:5      | Reached skill level 4 in Invocations
  8206 | D:5      | Found a sparkling altar of Nemelex Xobeh.
  8206 | D:5      | Found a radiant altar of Vehumet.
  8208 | D:5      | Found a glowing silver altar of Zin.
  8477 | D:5      | HP: 25/56 [orc priest/whip of venom (6)]
  8672 | D:5      | Noticed Ijyb
  8678 | D:5      | Reached XP level 8. HP: 61/63 MP: 11/11
  8692 | D:5      | Killed Ijyb
  8922 | D:5      | Reached skill level 6 in Maces & Flails
  9165 | D:6      | Found an ornate altar of the Wu Jian Council.
  9188 | D:6      | Reached skill level 6 in Fighting
  9336 | D:6      | Reached skill level 5 in Invocations
  9433 | D:6      | Noticed Menkaure
  9447 | D:6      | Killed Menkaure
  9447 | D:6      | Reached skill level 7 in Maces & Flails
  9530 | D:6      | Found an opulent altar of Gozag.
  9555 | D:6      | Found a staircase to the Ecumenical Temple.
  9879 | D:6      | HP: 32/65 [orc/war axe of holy wrath (2)]
 10050 | D:6      | Found Awnutyesch's Armour Emporium.
 10078 | D:6      | Reached XP level 9. HP: 70/71 MP: 12/12
 10259 | D:6      | You fall through a shaft for 3 floors!
 10279 | D:9      | Reached ***** piety under Lugonu
 10401 | D:9      | Reached skill level 7 in Fighting
 10419 | D:9      | HP: 33/72 [killer bee (7)]
 10432 | D:9      | HP: 28/72 [killer bee (5)]
 10443 | D:9      | HP: 30/72 [killer bee (1)]
 10446 | D:9      | Reached skill level 8 in Maces & Flails
 10687 | D:8      | Found Cutsyf's Jewellery Shop.
 11054 | D:7      | Found a glowing golden altar of the Shining One.
 11100 | D:7      | Reached skill level 6 in Invocations
 11269 | D:6      | Found a hazy altar of Hepliaklqana.
 12013 | D:8      | Noticed a two-headed ogre
 12017 | D:8      | Banished a two-headed ogre
 12017 | D:8      | Reached skill level 8 in Fighting
 12017 | D:8      | Reached skill level 9 in Maces & Flails
 12053 | D:8      | Reached XP level 10. HP: 61/80 MP: 14/14
 12100 | D:8      | Found Fintu's Antique Weapon Emporium.
 12176 | D:8      | Found Yconigeo's Magic Scroll Shop.
 12217 | D:8      | Noticed a two-headed ogre
 12226 | D:8      | HP: 24/80 [two-headed ogre/giant club (18)]
 12229 | D:8      | Banished a two-headed ogre
 12245 | D:8      | HP: 27/80 [orc wizard/dagger (1)]
 12682 | D:8      | Bought an encrusted mace for 184 gold pieces
 12682 | D:8      | Identified the +5 mace "Woagizosm" {pain, -Tele Str+4 Int+4 Stlth+} (You bought it in a shop on level 8 of the Dungeon)
 12834 | D:8      | Found a white marble altar of Elyvilon.
 12869 | D:8      | Noticed a two-headed ogre
 12875 | D:8      | HP: 37/82 [two-headed ogre/giant club (26)]
 12879 | D:8      | HP: 8/82 [two-headed ogre/giant club (18)]
 12882 | D:8      | Banished a two-headed ogre
 13242 | D:8      | Found Nafedakk's Armour Shoppe.
 13245 | D:8      | Found Ynoerchej's Assorted Antiques.
 13362 | D:9      | HP: 41/82 [orc warrior/halberd (12)]
 13640 | D:9      | Noticed a two-headed ogre
 13649 | D:9      | Killed a two-headed ogre
 13649 | D:9      | Reached skill level 9 in Fighting
 13649 | D:9      | Reached skill level 10 in Maces & Flails
 13672 | D:9      | Found a bloodstained altar of Trog.
 13726 | D:9      | Noticed a two-headed ogre
 13737 | D:9      | HP: 29/83 [two-headed ogre/giant club (14)]
 13740 | D:9      | Killed a two-headed ogre
 14045 | D:9      | Noticed a two-headed ogre
 14054 | D:9      | Banished a two-headed ogre
 14057 | D:9      | HP: 39/83 [orc warrior/dire flail (7)]
 14066 | D:9      | HP: 30/83 [orc warrior/dire flail (11)]
 14107 | D:9      | HP: 27/83 [orc warrior/dire flail (11)]
 14124 | D:9      | Found Hats's Gadget Shoppe.
 14138 | D:9      | HP: 27/83 [orc warrior/dire flail (7)]
 14145 | D:9      | HP: 14/83 [orc warrior/dire flail (1)]
 14154 | D:9      | HP: 10/83 [orc warrior/dire flail (2)]
 14171 | D:9      | HP: 12/83 [orc warrior/dire flail (2)]
 14495 | D:9      | HP: 31/83 [troll (12)]
 14783 | D:9      | Got a pair of bloodstained boots
 14848 | D:9      | Identified the cursed -2 pair of boots of Valour {Str+4} (You found it on level 9 of the Dungeon)
 15007 | D:9      | Found a staircase to the Lair.
 15191 | D:10     | Entered Level 10 of the Dungeon
 15231 | D:10     | Reached XP level 11. HP: 85/90 MP: 15/15
 15480 | D:10     | Reached skill level 11 in Maces & Flails
 15668 | D:10     | HP: 44/90 [killer bee (3)]
 16416 | D:10     | Noticed a two-headed ogre
 16670 | D:11     | Noticed a red ugly thing
 16701 | D:11     | Found a staircase to the Orcish Mines.
 16806 | D:11     | Noticed a green ugly thing
 16824 | D:10     | Killed a green ugly thing
 16988 | D:10     | Reached skill level 10 in Fighting
 17090 | D:10     | HP: 40/90 [orc warrior/halberd (9)]
 17298 | D:10     | HP: 42/90 [orc warrior/war axe (9)]
 17548 | D:11     | HP: 35/90 [orc warrior/war axe (12)]
 17557 | D:11     | HP: 30/90 [centaur warrior zombie (4)]
 17568 | D:11     | Noticed an ice dragon
 17570 | D:11     | HP: 8/90 [cyclops/large rock (22)]
 17591 | D:11     | HP: 4/90 [manticore/volley of spikes (10)]
 17592 | D:11     | Hit by a tomahawk thrown by an orc warrior

Vanquished Creatures
  2 two-headed ogres (D:9)
  An ugly thing (D:10)
  A troll (D:9)
  2 hungry ghosts
  16 killer bees
  Menkaure (D:6)
  A soldier ant (D:10)
  A porcupine (D:9)
  7 orc warriors
  A black bear (D:8)
  3 sky beasts
  4 ogres
  An ice beast (D:8)
  A phantom (D:7)
  4 centaurs
  A big kobold (D:8)
  5 bullfrogs
  A water moccasin zombie (D:6)
  4 scorpions
  The ghost of Borgoz the Skirmisher, a weakling MiAK of Lugonu (D:3)
  5 wights (D:10)
  2 bullfrog zombies
  4 crimson imps
  2 hounds
  2 centaur zombies
  4 orc priests
  A bullfrog skeleton (D:6)
  2 centaur skeletons
  Ijyb (D:5)
  An iguana (D:5)
  5 worker ants
  11 orc wizards
  2 hound zombies
  A hound skeleton (D:3)
  2 worker ant zombies
  8 gnolls
  2 howler monkey skeletons
  15 adders
  A shadow imp (D:5)
  17 oozes
  An adder skeleton (D:9)
  8 worms
  A dart slug (D:3)
  10 leopard geckos
  36 orcs
  14 giant cockroaches
  8 goblins
  8 hobgoblins
  6 jackals
  4 quokkas
  14 ball pythons
  6 bats
  13 frilled lizards
  13 kobolds
  7 rats
295 creatures vanquished.

Vanquished Creatures (collateral kills)
  A killer bee (D:9)
1 creature vanquished.

Vanquished Creatures (others)
  4 two-headed ogres
  A steam dragon (D:7)
  An orc warrior (D:10)
  A crocodile (D:9)
  2 bullfrogs (D:9)
  4 killer bees (D:9)
  12 fungi (D:9)
  9 plants (D:9)
34 creatures vanquished.

Grand Total: 330 creatures vanquished

Table legend:
 A = Turns spent in this place as a percentage of turns spent in the entire game.
 B = Non-inter-level travel turns spent in this place as a percentage of non-inter-level travel turns spent in the entire game.
 C = Inter-level travel turns spent in this place as a percentage of turns spent in this place.
 D = Turns resting spent in this place as a percentage of non-inter-level travel turns spent in this place.
 E = Turns spent auto-exploring this place as a percentage of non-inter-level travel turns spent in this place.
 F = Non-inter-level travel turns spent in this place divided by the number of levels of this place that you've seen.
                   A       B       C       D       E      F
               +-------+-------+-------+-------+-------+----------------------
         Total | 100.0 | 100.0 |   5.2 |  43.1 |  36.5 | 1283.2
       Dungeon |  94.8 |  94.5 |   5.5 |  42.7 |  38.0 | 1433.6
         Abyss |   0.0 |   0.0 |   0.0 |   0.0 |  25.0 |   8.0
         Sewer |   5.1 |   5.4 |   0.0 |  51.0 |  10.2 | 904.0
               +-------+-------+-------+-------+-------+----------------------
